 Dungeon Crawl Stone Soup version 0.31-a0-408-gb642c7f9a3 (webtiles) character file.

Game seed: 15664832765643948498

0 gelatine the Covered (level 1, -2/19 HPs)
             Began as an Armataur Fighter on July 29, 2023.
             Succumbed to a kobold's poison
             ... on level 1 of the Dungeon.
             The game lasted 00:00:35 (70 turns).

gelatine the Covered (Armataur Fighter)               Turns: 70, Time: 00:00:36

Health: -2/19      AC:  6    Str: 21    XL:     1   Next: 8%
Magic:  1/1        EV:  7    Int:  8    God:
Gold:   34         SH:  4    Dex:  9    Spells: 0/0 levels left

rFire   . . .        a - +0 war axe
rCold   . . .        c - +0 buckler
rNeg    . . .        b - +0 scale mail
rPois   .            (no helmet)
rElec   .            (no cloak)
rCorr   .            (no gloves)
SInv    .            (no barding)
Will    .....        (no amulet) Stlth
                     (no ring)
HPRegen 0.23/turn    (no ring)
MPRegen 0.07/turn

%: roll
@: lethally poisoned (-2 -> -25)
A: large, rugged brown scales 3, deformed body, armoured tail, roll, long
tongue, awkward tongue
a: no special abilities


You were on level 1 of the Dungeon.
You visited 1 branch of the dungeon, and saw 1 of its levels.

You collected 34 gold pieces.

Inventory:

Hand Weapons
 a - a +0 war axe (weapon)
Armour
 b - a +0 scale mail (worn)
 c - a +0 buckler (worn)
Scrolls
 e - a scroll of poison {unknown}
Potions
 d - 2 potions of might


   Skills:
 + Level 2.7 Fighting
 + Level 1.5 Axes
 + Level 3.6 Armour
 + Level 3.3 Shields


You couldn't memorise any spells.
You didn't know any spells.
Your spell library was empty.

Dungeon Overview and Level Annotations

Branches:
Dungeon (1/15)

Altars:


Innate Abilities, Weirdness & Mutations

You are completely covered in rugged brown scales. (AC +3, +7% HP)
Armour fits poorly on your strangely shaped body.
You have a long armoured tail.
You roll when moving toward enemies. (Rampage)
Your long tongue fully drains potion bottles. (2x potion effects)
Your tongue gives you trouble enunciating. (1.5x scroll delay)


Message History

You barely miss the bat. The bat hits you but does no damage.
You miss the bat. You block the bat's attack.
The bat hits you but does no damage.
You closely miss the bat. You block the bat's attack.
The bat hits you but does no damage.
You slash the bat!
You kill the bat!
Nothing quivered!
You now have 8 gold pieces.
d - 2 potions of might (gained 1)
e - a scroll labelled BALAAM LAIC You now have 20 gold pieces (gained 12).
You now have 34 gold pieces (gained 14).
Found 6 stones.
A kobold comes into view. It is wielding a +2 dagger of venom.
Found 8 gold pieces.
The kobold moves out of view.
Found a robe.
You roll towards the kobold!
Found 5 silver javelins and a potion of might.
You roll towards the kobold!
You closely miss the kobold.
You tail-slap the kobold, but do no damage.
The kobold hits you with a +2 dagger of venom.
The kobold hits you but does no damage.
You are poisoned.
You hit the kobold.
Your tail-slap misses the kobold.
The kobold is moderately wounded.
You feel very sick. The kobold hits you but does no damage.
You are lethally poisoned!
You closely miss the kobold.
The kobold is moderately wounded.
You feel very sick.
The kobold hits you with a +2 dagger of venom.
* * * LOW HITPOINT WARNING * * *
The kobold hits you with a +2 dagger of venom.
* * * LOW HITPOINT WARNING * * *
You are more poisoned.
You barely miss the kobold.
The kobold is moderately wounded.
You die...

#.....#.......
.............##
..!......(....#
............[.##
....$..........#.
...................
.........K.......# #.
####........@......### .
..............(......
...#........#.....#### ####.
.........####.##
.....####........##.######
#.....8.......#.##......#
#..##...##.......######.#####
##.##........######.....###
#'#.......................


You could see a kobold.

Vanquished Creatures
  A bat (D:1)
1 creature vanquished.

Notes
Turn   | Place    | Note
-------+----------+-------------------------------------------
     0 | D:1      | gelatine the Armataur Fighter began the quest for the Orb.
     0 | D:1      | Reached XP level 1. HP: 19/19 MP: 1/1
    70 | D:1      | Succumbed to a kobold's poison

Illustrated notes

Levels and vault maps discovered:
D:1:      grunt_arrival_crossed_arrows, layout_rooms

Action                     || total
---------------------------++-------
  Melee: War axe           ||    16
         Tailslap          ||     1
 Armour: Scale mail        ||    15
  Dodge: Dodged            ||     4
  Block: Buckler           ||     7

Table legend: (Time is in decaauts)
 A = Elapsed time spent in this place.
 B = Non-inter-level travel time spent in this place.
 C = Inter-level travel time spent in this place.
 D = Time resting spent in this place.
 E = Time spent auto-exploring this place.
 F = Levels seen in this place.
 G = Mean time per level.
                   A        B        C        D        E       F      G
               +--------+--------+--------+--------+--------+-----+--------+
         Total |     77 |     77 |      0 |      0 |     43 |   1 |   77.0 |
       Dungeon |     77 |     77 |      0 |      0 |     43 |   1 |   77.0 |
               +--------+--------+--------+--------+--------+-----+--------+

Top non-repeatable levels by time:
     D:1: 77 daAuts
